 Dungeon Crawl Stone Soup version 0.24-a0-443-g80245de385 (webtiles) character file.

Game seed: 7710190057399622766

451 Peloso the Shield-Bearer (level 6, 0/53 HPs)
             Began as a Minotaur Fighter on June 21, 2019.
             Killed by divine providence
             ... invoked by an orc priest
              (10 damage)
             ... on level 4 of the Dungeon.
             The game lasted 00:05:50 (2720 turns).

Peloso the Shield-Bearer (Minotaur Fighter)         Turns: 2720, Time: 00:05:51

Health: 0/53       AC: 12    Str: 21    XL:     6   Next: 75%
Magic:  5/5        EV:  6    Int:  5    God:
Gold:   140        SH: 10    Dex: 11    Spells: 5/5 levels left

rFire    . . .     SeeInvis .   a - +0 long sword
rCold    . . .     Gourm    .   c - +0 shield
rNeg     . . .     Faith    .   v - +0 chain mail
rPois    .         Spirit   .   (helmet restricted)
rElec    .         Reflect  .   (no cloak)
rCorr    .         Harm     .   g - +1 pair of gloves
MR       .....                  (no boots)
Stlth    ..........             (no amulet)
HPRegen  0.17/turn              (no ring)
MPRegen  0.09/turn              (no ring)

@: no status effects
A: retaliatory headbutt, horns 2
a: no special abilities


You were on level 4 of the Dungeon.
You were not hungry.

You visited 1 branch of the dungeon, and saw 4 of its levels.

You collected 140 gold pieces.

Inventory:

Hand Weapons
 a - a +0 long sword (weapon)
Missiles
 m - 21 bolts
Armour
 b - a +0 scale mail
 c - a +0 shield (worn)
 g - a +1 pair of gloves (worn)
 v - a +0 chain mail (worn)
Wands
 s - a wand of random effects (18)
Scrolls
 i - a scroll of amnesia {unknown}
 j - 2 scrolls of identify {unknown}
 l - 4 scrolls of remove curse {unknown}
 n - 2 scrolls of immolation {unknown}
 o - a scroll of enchant armour {unknown}
 p - a scroll of noise {unknown}
 t - a scroll of teleportation {unknown}
Potions
 d - 2 potions of might
 e - 2 potions of resistance {unknown}
 h - a potion of heal wounds {unknown}
 k - 2 potions of haste {unknown}
 q - 3 potions of cancellation {unknown}
 r - a potion of berserk rage {unknown}
 u - a potion of agility {unknown}
 w - a potion of curing {unknown}
Comestibles
 f - 7 rations


   Skills:
 + Level 4.5 Fighting
 + Level 4.8 Long Blades
 + Level 5.6 Armour
 + Level 0.9 Dodging
 + Level 0.6 Stealth
 + Level 6.0 Shields


You had 5 spell levels left.
You didn't know any spells.
Your spell library was empty.

Dungeon Overview and Level Annotations

Branches:
Dungeon (4/15)
 Temple: D:4-7

Altars:
Fedhas

Annotations:
D:4 2 transporters


Innate Abilities, Weirdness & Mutations

You reflexively headbutt those who attack you in melee.
You have a pair of horns on your head.


Message History

You miss something. You headbutt something.
The orc throws a boomerang.
You block the boomerang.
The orc priest begins to cast a cantrip, but forgets the words!
Something hits you but does no damage.
You closely miss something. Something hits you but does no damage.
The orc throws a boomerang.
Reactivating autopickup.
Your Shields skill increases to level 6!
You feel a bit more experienced.
The weapon returns to the orc!
You block the orc's attack.
Items here: ( ))) [ ††† You hit the orc.
The orc is moderately wounded.
The orc hits you but does no damage.
You hit the orc. Your headbutt misses the orc.
The orc is almost dead.
You block the orc's attack.
The orc priest mumbles some strange prayers to Beogh against you.
Beogh smites you!
You die...

....#.#.#.#.#
....#.#.#.#.#
....÷...#.#.#
#'###.###.#.#
.>..#.###'#.#
.####.......# .#
#.......# .#
#.......#############
.#
#...(.†...oo@........
.#
#.###'#..###########.
.# #.....#o.# .#
#######..# [.
.......o.# .........#
...............
.........######
.........#


You could see an orc priest and an orc.

Vanquished Creatures
  A scorpion (D:4)
  An orc priest (D:3)
  2 orc wizards (D:3)
  An iguana (D:4)
  Ijyb (D:3)
  2 worker ants
  A hound skeleton (D:4)
  3 gnolls (D:2)
  4 adders
  2 oozes
  A worm (D:2)
  3 dart slugs
  3 leopard geckos
  13 orcs
  8 bats
  2 giant cockroaches (D:4)
  8 goblins
  5 hobgoblins
  9 jackals
  A quokka (D:2)
  3 ball pythons
  4 frilled lizards
  6 kobolds
  7 rats
91 creatures vanquished.

Vanquished Creatures (others)
  An orc wizard (D:4)
1 creature vanquished.

Grand Total: 92 creatures vanquished

Notes
Turn   | Place    | Note
-------+----------+-------------------------------------------
     0 | D:1      | Peloso the Minotaur Fighter began the quest for the Orb.
     0 | D:1      | Reached XP level 1. HP: 19/19 MP: 0/0
   145 | D:1      | Reached XP level 2. HP: 24/27 MP: 1/1
   199 | D:1      | Reached skill level 4 in Shields
   696 | D:2      | Reached XP level 3. HP: 24/33 MP: 2/2
  1239 | D:2      | Reached XP level 4. HP: 38/40 MP: 3/3
  1952 | D:3      | Reached XP level 5. HP: 46/46 MP: 4/4
  1993 | D:3      | Reached skill level 5 in Shields
  2061 | D:3      | Noticed Ijyb
  2073 | D:3      | Killed Ijyb
  2198 | D:3      | Reached skill level 5 in Armour
  2336 | D:3      | Reached XP level 6. HP: 44/53 MP: 5/5
  2531 | D:4      | Found a blossoming altar of Fedhas.
  2532 | D:4      | Noticed a steam dragon
  2564 | D:4      | Found a transporter.
  2578 | D:4      | Found a transporter.
  2717 | D:4      | Reached skill level 6 in Shields
  2720 | D:4      | Killed from afar by an orc priest

Levels and vault maps discovered:
D:1:      scummos_arrival_simple_crosswalls, layout_basic
D:2:      layout_basic
D:3:      layout_basic, grunt_decor_cap, uniq_ijyb
D:4:      layout_basic, gammafunk_temple_overflow_arena, first_ration

Skill      XL: |  1  2  3  4  5  6 |
---------------+-------------------+-----
Shields        | 4 5 6 |  6.0
Armour         | 4 5 |  5.6
Fighting       | 4 |  4.5
Long Blades    | 3 4 |  4.8
Dodging        | |  0.9
Stealth        | |  0.6

Action                   |  1- 3 |  4- 6 || total
-------------------------+-------+-------++-------
Melee: Long sword        |    77 |   177 ||   254
       Headbutt          |    11 |    29 ||    40
  Eat: Chunk             |     1 |     5 ||     6
Armor: Scale mail        |    62 |    94 ||   156
       Chain mail        |       |    13 ||    13
Dodge: Dodged            |    30 |    75 ||   105
Block: Shield            |    61 |   145 ||   206
       Rpst.: Long sword |     5 |    14 ||    19

Table legend:
 A = Non-vault XP
 B = Vault XP
 C = Vault XP percentage of total XP
 D = Non-vault monster count
 E = Vault monster count
 F = Vault count percentage of total count
                 A         B        C        D         E       F
            +---------+---------+-------+---------+---------+-------
      Total |     609 |      36 |   5.6 |      91 |       1 |   1.1
            +---------+---------+-------+---------+---------+-------
        D:1 |      53 |       0 |   0.0 |      25 |       0 |   0.0
        D:2 |     116 |       0 |   0.0 |      29 |       0 |   0.0
        D:3 |     219 |      36 |  14.1 |      23 |       1 |   4.2
        D:4 |     221 |       0 |   0.0 |      14 |       0 |   0.0
            +---------+---------+-------+---------+---------+-------
